 Dungeon Crawl Stone Soup version 0.29.1-2-gbd0b4ee654 (webtiles) character file.

Game seed: 12096590392357648418

42 Ackmard the Magician (level 3, -3/25 HPs)
             Began as a Djinni Hedge Wizard on Nov 11, 2022.
             Slain by Robin
             ... wielding a +0 whip
              (4 damage)
             ... on level 2 of the Dungeon.
             The game lasted 00:05:28 (1591 turns).

Ackmard the Magician (Djinni Hedge Wizard)          Turns: 1591, Time: 00:05:28

Health: -3/25      AC:  6    Str:  9 (11) XL:     3   Next: 77%
Gold:   43         EV: 12    Int: 20 (21) God:
                   SH:  0    Dex: 11 (12)

rFire   + + .      SeeInvis .   (no weapon)
rCold   x . .      Faith    .   (no shield)
rNeg    . . .      Spirit   .   b - +0 robe
rPois   ∞          Reflect  .   c - +0 hat
rElec   .          Harm     .   k - +2 cloak
rCorr   .          Rampage  .   f - +0 pair of gloves
Will    .....                   (boots unavailable)
Stlth   ++........              (no amulet)
HPRegen 0.08/turn               e - +6 ring of intelligence
MPRegen 0.00/turn               (no ring)

@: flying
A: sickness immunity, fire resistance 2, cold vulnerability 1, float, innate
caster, HP casting, extra vitality 1
a: no special abilities


You were on level 2 of the Dungeon.
You visited 1 branch of the dungeon, and saw 2 of its levels.

You collected 43 gold pieces.

Inventory:

Armour
 b - a +0 robe (worn)
 c - a +0 hat (worn)
 f - a +0 pair of gloves (worn)
 k - a +2 cloak (worn)
Jewellery
 e - a +6 ring of intelligence (left hand)
Scrolls
 h - a scroll of identify {unknown}
Potions
 a - 2 potions of degeneration
 g - a potion of brilliance {unknown}
 i - a potion of mutation {unknown}
 j - a potion of might {unknown}


   Skills:
 + Level 2.5 Dodging
 + Level 1.8 Stealth
 + Level 3.2 Spellcasting


You couldn't memorise any spells.
You knew the following spells:

 Your Spells              Type           Power      Damage    Failure   Level
a - Magic Dart            Conj           64%        1d6       3%          1
b - Blink                 Tloc           32%        N/A       5%          2
c - Call Imp              Summ           16%        N/A       5%          2
d - Slow                  Hex            64%        N/A       3%          1
e - Conjure Flame         Conj/Fire      16%        6-21      11%         3
f - Mephitic Cloud        Conj/Pois/Air  16%        N/A       11%         3
g - Foxfire               Conj/Fire      64%        2x1d7     3%          1
Your spell library was empty.

Dungeon Overview and Level Annotations

Branches:
Dungeon (2/15)

Altars:

Annotations:
D:2 Robin


Innate Abilities, Weirdness & Mutations

You are immune to sickness and miasma.
You are immune to poison.
Your flesh is very heat resistant. (rF++)
You are vulnerable to cold. (rC-)
You float through the air rather than walking.
You learn spells naturally, not from books.
Your magical power is your life essence.
You have superior vitality. (+4 MHP)


Message History

Confirm with . or Enter, or press ? or * to list all spells.
You blink.
* * * LOW HITPOINT WARNING * * *
You see here the +1 helmet of the Delightful God {rElec Int-3 Dex+8}.
Casting: Blink (safe; 5% risk of failure)
Confirm with . or Enter, or press ? or * to list all spells.
A beastly little devil appears in a puff of flame.
* * * LOW HITPOINT WARNING * * *
You swap places.
Robin barely misses your crimson imp.
You see here a +0 dagger.
You feel stable enough to blink again.
Your crimson imp blinks!
You see here a +0 dagger of speed.
Things that are here:
a hobgoblin corpse; a hobgoblin corpse A hobgoblin comes into view.
Something misses your crimson imp.
Casting: Call Imp (safe; 5% risk of failure)
Confirm with . or Enter, or press ? or * to list all spells.
You conjure some foxfire!
* * * LOW HITPOINT WARNING * * *
The foxfire hits Robin.
Robin is severely wounded.
Your foxfire dissipates!
Your crimson imp disappears in a puff of smoke!
Casting: Foxfire (safe; 3% risk of failure)
Confirm with . or Enter, or press ? or * to list all spells.
You don't have enough health to cast this spell.
Robin says, "My goblins will feast on your bones."
Robin's horned helmet rattles.
Casting: Foxfire (safe; 3% risk of failure)
Confirm with . or Enter, or press ? or * to list all spells.
Aiming: Magic Dart (safe; 3% risk of failure)
Press: ? - help, Shift-Dir - straight line, f/p - Robin
Aim: Robin, wielding a +0 whip, wearing a +0 animal skin and wearing a +0 helmet (severely wounded, 100% to hit)
The magic dart hits Robin.
Robin is almost dead.
* * * LOW HITPOINT WARNING * * *
Robin hits you with a +0 whip.
You die...

.. ..# ....# ..# #.#
....# ..# #.# ....# ...
#####.# #...# ..# ..##.#
#...# ..# #.##.#
##+#...#
..####.##.###......##..#
..g........##..g@.....#
..########.##.....#####
..†))[..))........#
.#########...)....# .
#..#......# .
#..#.#>#### . ....#.#...
. ###.##.#.### g #.
#.#..


You could see Robin.

Vanquished Creatures
  2 dart slugs (D:1)
  2 ball pythons (D:1)
  6 endoplasms
  3 giant cockroaches (D:1)
  10 goblins
  2 hobgoblins (D:2)
  2 quokkas (D:1)
  A frilled lizard (D:1)
  A rat (D:1)
29 creatures vanquished.

Vanquished Creatures (collateral kills)
  A goblin (D:2)
1 creature vanquished.

Grand Total: 30 creatures vanquished

Notes
Turn   | Place    | Note
-------+----------+-------------------------------------------
     0 | D:1      | Ackmard the Djinni Hedge Wizard began the quest for the
                  | Orb.
     0 | D:1      | Ackmard set off with the following spells memorised: Magic
                  | Dart, Blink, Call Imp, Slow, Conjure Flame, Mephitic Cloud.
     0 | D:1      | Reached XP level 1. HP: 15/15 MP: 0/0
   463 | D:1      | Reached XP level 2. HP: 18/21 MP: 0/0
   916 | D:1      | Reached skill level 3 in Spellcasting
   962 | D:1      | Reached XP level 3. HP: 22/25 MP: 0/0
   962 | D:1      | Learned a level 1 spell: Foxfire
  1318 | D:1      | Found a faded altar of an unknown god.
  1524 | D:2      | Identified the +1 helmet of the Delightful God {rElec Int-3
                  | Dex+8}
  1532 | D:2      | Noticed Robin
  1591 | D:2      | Slain by Robin

Illustrated notes

Levels and vault maps discovered:
D:1:      dpeg_arrival_tiny_j, layout_rooms,
          shapermc_ecumenical_altar_notcrosses, chequers_serial_rivers_micro_e,
          hangedman_decor_growths, grunt_decor_mini_mirrors
D:2:      minmay_spotlight, layout_basic, nrook_campfire,
          hangedman_decor_clover_reticule, uniq_natasha, uniq_robin,
          uniq_jessica

Skill      XL: |  1  2 |
---------------+-------+-----
Spellcasting   | 3 |  3.2
Dodging        | |  2.5
Stealth        | |  1.8

Action                   || total
-------------------------++-------
Melee: Unarmed           ||     3
 Cast: Magic Dart        ||    68
       Blink             ||     3
       Call Imp          ||     2
       Conjure Flame     ||     1
       Foxfire           ||     1
  Use: Potion            ||     2
Armor: Robe              ||     9
Dodge: Dodged            ||    11
